 Dungeon Crawl Stone Soup version 0.20-a0-864-g92acfd1 (webtiles) character file.

94 tarabluh the Cutter (level 4, -1/33 HPs)
             Began as a Demonspawn Wanderer on Mar 12, 2017.
             Slain by Sigmund
             ... wielding a +0 scythe
              (14 damage)
             ... on level 3 of the Dungeon.
             The game lasted 00:03:06 (1796 turns).

tarabluh the Cutter (Demonspawn Wanderer)           Turns: 1796, Time: 00:03:06

Health: -1/33      AC:  3    Str: 12    XL:     4   Next: 38%
Magic:  5/5        EV: 11    Int: 10    God:
Gold:   101        SH:  0    Dex: 17    Spells: 3/3 levels left

rFire    + + .     SeeInvis .   a - +2 short sword
rCold    x . .     Gourm    .   j - +0 leather armour
rNeg     . . .     Faith    .   (no shield)
rPois    .         Spirit   .   (helmet restricted)
rElec    .         Reflect  .   (no cloak)
rCorr    .         Harm     .   (no gloves)
MR       .....                  (no boots)
Stlth    +.........             (no amulet)
Regen    0.2/turn               (no ring)
MPRegen  0.1/turn               m - ring of fire

@: confused, very slightly contaminated, hasted, very quick
A: horns 1, fire resistance 1
a: no special abilities


You were on level 3 of the Dungeon.
You were not hungry.

You visited 1 branch of the dungeon, and saw 3 of its levels.

You collected 101 gold pieces.

Inventory:

Hand Weapons
 a - a +2 short sword (weapon)
Armour
 c - a +0 robe
 j - a +0 leather armour (worn)
Jewellery
 m - a ring of fire (left hand)
Scrolls
 b - 2 scrolls of teleportation
 e - a scroll of recharging {unknown}
 g - 2 scrolls of immolation {unknown}
 i - 3 scrolls of identify {unknown}
 l - a scroll of blinking {unknown}
 n - a scroll of amnesia {unknown}
 q - a scroll of fog {unknown}
Potions
 h - a potion of curing {unknown}
 p - a potion of lignification {unknown}
 r - a potion of brilliance {unknown}
Comestibles
 d - 6 bread rations
 k - a meat ration


   Skills:
 - Level 2.0 Fighting
 * Level 4.7 Short Blades
 - Level 1.0 Dodging
 - Level 1.0 Stealth
 - Level 1.0 Unarmed Combat
   Level 2.0 Evocations


You had 3 spell levels left.
You didn't know any spells.

Dungeon Overview and Level Annotations

Branches:
Dungeon (3/15)

Altars:

Annotations:
D:3 Sigmund


Innate Abilities, Weirdness & Mutations

You have a pair of small horns on your head.
Your flesh is heat resistant. (rF+)


Message History

Okay, then.
You climb downwards.
A giant cockroach comes into view.
There is a stone staircase leading up here.
Sigmund the Dreaded comes into view.
He is wielding a scythe.
You puncture the giant cockroach!
You kill the giant cockroach!
Sigmund drinks a potion.
Sigmund suddenly seems more agile.
You see here a giant cockroach corpse.
Sigmund gestures at you while chanting.
You are confused.
You are too confused!
You bump into the rock wall.
Sigmund hits you from afar with a scythe!
You bump into the rock wall.
Sigmund hits you from afar with a scythe!
It was a potion of haste.
You feel yourself speed up.
You are very lightly contaminated with residual magic.
Sigmund hits you with a scythe!
You die... ############.# #<.†..@@.....+ ############.#

You could see Sigmund.

Vanquished Creatures
  2 adders (D:2)
  2 worms (D:2)
  2 dart slugs (D:1)
  4 leopard geckos
  A ball python (D:2)
  A bat (D:1)
  15 giant cockroaches
  4 goblins (D:1)
  10 hobgoblins
  3 jackals (D:1)
  A quokka (D:2)
  2 frilled lizards (D:1)
  2 kobolds
  4 rats
53 creatures vanquished.

Notes
Turn   | Place    | Note
-------+----------+-------------------------------------------
     0 | D:1      | tarabluh the Demonspawn Wanderer began the quest for the Orb.
     0 | D:1      | tarabluh set off with: a +2 short sword, 2 scrolls of teleportation, a +0 robe, a bread ration
     0 | D:1      | Reached XP level 1. HP: 16/16 MP: 2/2
    37 | D:1      | Reached skill level 3 in Short Blades
    51 | D:1      | Gained mutation: You have a pair of small horns on your head. [demonic ancestry]
    51 | D:1      | Reached XP level 2. HP: 13/22 MP: 3/3
   718 | D:1      | Gained mutation: Your flesh is heat resistant. (rF+) [demonic ancestry]
   718 | D:1      | Reached XP level 3. HP: 12/27 MP: 4/4
   884 | D:2      | Reached skill level 4 in Short Blades
  1260 | D:2      | Reached XP level 4. HP: 27/33 MP: 5/5
  1788 | D:3      | Noticed Sigmund
  1796 | D:3      | Slain by Sigmund

Vault maps used:
D:1:      minmay_arrival_checkered_box
D:2:      minmay_roachtagon
D:3:      first_bread, uniq_sigmund

Skill      XL: |  1  2  3 |
---------------+----------+-----
Short Blades   | 3 4 |  4.7
Fighting       | |  2.0
Dodging        | |  1.0
Stealth        | |  1.0
Unarmed Combat | |  1.0
Evocations     | |  2.0

Action                   |  1- 3 |  4- 6 || total
-------------------------+-------+-------++-------
Melee: Short sword       |   100 |    52 ||   152
       Punch             |     1 |     1 ||     2
       Headbutt          |    12 |     8 ||    20
  Use: Potion            |       |     1 ||     1
 Stab: Sleeping          |       |     2 ||     2
  Eat: Chunk             |     1 |     2 ||     3
Armor: Robe              |     7 |       ||     7
       Leather armour    |    13 |     7 ||    20
Dodge: Dodged            |    58 |    26 ||    84
